 Dungeon Crawl Stone Soup version 0.21-a0-229-g3587535 (webtiles) character file.

36 George the Slasher (level 3, -1/31 HPs)
             Began as a Minotaur Fighter on Sept 1, 2017.
             Slain by a gnoll
             ... wielding a +0 club
              (4 damage)
             ... on level 1 of the Dungeon.
             The game lasted 00:01:23 (957 turns).

George the Slasher (Minotaur Fighter)                Turns: 957, Time: 00:01:23

Health: -1/31      AC:  6    Str: 21    XL:     3   Next: 19%
Magic:  2/2        EV:  7    Int:  5    God:
Gold:   26         SH:  9    Dex:  9    Spells: 2/2 levels left

rFire    . . .     SeeInvis .   a - +0 long sword
rCold    . . .     Gourm    .   c - +0 shield
rNeg     . . .     Faith    .   b - +0 scale mail
rPois    .         Spirit   .   (helmet restricted)
rElec    .         Reflect  .   (no cloak)
rCorr    .         Harm     .   (no gloves)
MR       .....                  (no boots)
Stlth    ..........             (no amulet)
HPRegen  0.10/turn              (no ring)
MPRegen  0.08/turn              (no ring)

@: no status effects
A: retaliatory headbutt, horns 2
a: no special abilities


You were on level 1 of the Dungeon.
You were not hungry.

You visited 1 branch of the dungeon, and saw 2 of its levels.

You collected 26 gold pieces.

Inventory:

Hand Weapons
 a - a +0 long sword (weapon)
Armour
 b - a +0 scale mail (worn)
 c - a +0 shield (worn)
Jewellery
 k - a cursed ring of loudness {unknown}
Scrolls
 g - a scroll of fear {unknown}
 j - a scroll of magic mapping {unknown}
Potions
 d - a potion of might
 e - a potion of lignification {unknown}
 l - a potion of cancellation {unknown}
Comestibles
 f - a bread ration
 h - a royal jelly
 i - a fruit


   Skills:
 - Level 3.6 Fighting
 + Level 4.4 Long Blades
 - Level 3.6 Armour
 - Level 3.6 Shields


You had 2 spell levels left.
You didn't know any spells.

Dungeon Overview and Level Annotations

Branches:
Dungeon (2/15)

Altars:

Annotations:
D:2 Natasha


Innate Abilities, Weirdness & Mutations

You reflexively headbutt those who attack you in melee.
You have a pair of horns on your head.


Message History

The jackal completely misses you. The worm bites you!
The gnoll hits you with a spear.
* * * LOW HITPOINT WARNING * * *
You block the jackal's attack. You block the gnoll's attack.
You block the gnoll's attack. The worm bites you.
* * * LOW HITPOINT WARNING * * *
You see here 10 arrows.
You block the jackal's attack. The jackal closely misses you.
You see here 5 curare-tipped needles.
A rat comes into view.
There is an open door here.
The rat bites you.
* * * LOW HITPOINT WARNING * * *
There is an open door here.
The gnoll barely misses you.
You slash the gnoll!
The gnoll is heavily wounded.
The gnoll hits you with a club.
You die...

#####.## ####.#### ##h....#...
##......# #..## ##........##
#...##..#######...####.........##
..................r..h.........'.
#...###.#######...####.........##
##..# #.# ##.g## ##..........
#..###># ##.#.## ##.....####
#......# #.###g# ##...## #
##.##### ##.#@## ##'#### # #.#
#..###### #.....# # #.# #.###...#
#..##.# # #.# #.###.#.####..##.#
# #.# #.....#....#...#.# # ###.#
#...#####...)....### ....#
#.....#....#........ #####
#..##†#.##.#..##.###
#.......##.#.....#


You could see a gnoll.

Vanquished Creatures
  A gnoll (D:1)
  An ooze (D:1)
  A dart slug (D:1)
  2 ball pythons (D:1)
  4 hobgoblins (D:1)
  3 jackals (D:1)
  2 kobolds (D:1)
  3 bats (D:1)
  A frilled lizard (D:1)
  3 rats (D:1)
21 creatures vanquished.

Notes
Turn   | Place    | Note
-------+----------+-------------------------------------------
     0 | D:1      | George the Minotaur Fighter began the quest for the Orb.
     0 | D:1      | Reached XP level 1. HP: 19/19 MP: 0/0
    73 | D:1      | Reached skill level 3 in Long Blades
    73 | D:1      | Reached XP level 2. HP: 25/26 MP: 1/1
   474 | D:1      | Reached skill level 4 in Long Blades
   798 | D:2      | Noticed Natasha
   812 | D:1      | Reached XP level 3. HP: 19/31 MP: 2/2
   957 | D:1      | Slain by a gnoll

Vault maps used:
D:1:      dpeg_arrival_fog
D:2:      uniq_natasha

Skill      XL: |  1  2 |
---------------+-------+-----
Long Blades    | 3 4 |  4.4
Fighting       | |  3.6
Armour         | |  3.6
Shields        | |  3.6

Action                   || total
-------------------------++-------
Melee: Long sword        ||    61
       Headbutt          ||    10
Armor: Scale mail        ||    37
Dodge: Dodged            ||    23
Block: Shield            ||    42
       Rpst.: Long sword ||     4

Table legend:
 A = Spawn XP
 B = Non-spawn XP
 C = Spawn XP percentage of total XP
 D = Spawn monster count
 E = Non-spawn monster count
 F = Spawn count percentage of total count
 G = Total turns spent on level
                    A         B        C        D         E        F      G
               +---------+---------+-------+---------+---------+-------+---------
         Total |       3 |      49 |   5.8 |       2 |      19 |   9.5 |   957
               +---------+---------+-------+---------+---------+-------+---------
           D:1 |       3 |      49 |   5.8 |       2 |      19 |   9.5 |   950
               +---------+---------+-------+---------+---------+-------+---------
